 Dungeon Crawl Stone Soup version 0.27.0-66-gdc8fb28755 (webtiles) character file.

Game seed: 16195972487650446420

21 loralnil the Sneak (level 2, 0/19 HPs)
             Began as a Vine Stalker Enchanter on Aug 20, 2021.
             Succumbed to a kobold's poison
             ... on level 1 of the Dungeon.
             The game lasted 00:02:03 (1333 turns).

loralnil the Sneak (Vine Stalker Enchanter)         Turns: 1333, Time: 00:02:03

Health: 0/19       AC: 21    Str:  8 (10) XL:     2   Next: 87%
Magic:  3/6        EV:  2    Int: 13 (15) God:
Gold:   56         SH:  0    Dex: 13 (14) Spells: 2/5 levels left

rFire    . . .     SeeInvis .   a - +1 dagger
rCold    . . .     Faith    .   (no shield)
rNeg     + + +     Spirit   +   (armour currently unavailable)
rPois    +         Reflect  .   (helmet currently unavailable)
rElec    .         Harm     .   (cloak currently unavailable)
rCorr    .         Rampage  .   (gloves currently unavailable)
Will     .....     NoTele   +   (boots currently unavailable)
Stlth    ++........             (no amulet)
HPRegen  0.06/turn              (no ring)
MPRegen  0.10/turn              (no ring)

@: lethally poisoned (0 -> -3), tree-form
A: stationary, stasis, torment immunity, boosted hp, (fangs 2), magic shield,
(antimagic bite), no potion heal 2
a: no special abilities


You were on level 1 of the Dungeon.
You were a tree.
You visited 1 branch of the dungeon, and saw 1 of its levels.

You collected 56 gold pieces.

Inventory:

Hand Weapons
 a - a +1 dagger (weapon)
Armour
 b - a +0 robe (melded)
 e - a +0 buckler
Scrolls
 d - a scroll of teleportation {unknown}


   Skills:
 + Level 1.2 Short Blades
 + Level 1.8 Dodging
 + Level 3.9 Stealth
 + Level 2.4 Spellcasting
 + Level 3.2 Hexes


You had 2 spell levels left.
You knew the following spells:

 Your Spells              Type           Power      Damage    Failure   Level
a - Corona                Hex            10%        N/A       7%          1
b - Ensorcelled Hibernat  Hex/Ice        10%        N/A       19%         2

Your spell library contained the following spells:

 Spells                   Type           Power      Damage    Failure   Level
 Confusing Touch          Hex            9%         N/A       21%         3
 Tukima's Dance           Hex            9%         N/A       21%         3
 Dazzling Flash           Conj/Hex       10%        N/A       36%         3
 Iskenderun's Battlesphe  Conj           1%         2d6       100%        5
 Iron Shot                Conj/Erth      0%         9d1       100%        6
 Spellforged Servitor     Conj/Summ      0%         N/A       100%        7


Dungeon Overview and Level Annotations

Branches:
Dungeon (1/15)

Altars:

Shops:
D:1 !


Innate Abilities, Weirdness & Mutations

You are a tree.
Your roots penetrate the ground, keeping you stationary.
You cannot be teleported.
You are immune to unholy pain and torment.
Your maximum health is greatly increased.
Your equipment is partially melded.
((You have extremely sharp teeth.))
When hurt, damage is shared between your health and your magic reserves.
((Your bite disrupts and absorbs the magic of your enemies.))
Potions cannot restore your health.


Message History

You impale the rat!!
You kill the rat!
You see here a rat corpse.
There is an open door here.
There is an open door here.
You see here a bat corpse.
You see here a hobgoblin corpse.
You open the door.
A kobold comes into view.
It is wielding a +2 short sword of venom.
There is an open door here.
The kobold throws a stone.
The stone barely misses you.
The kobold throws a stone.
The stone barely misses you.
The kobold hits you with a +2 short sword of venom.
You are lethally poisoned!
Casting: Ensorcelled Hibernation (safe; 17% risk of failure)
Confirm with . or Enter, or press ? or * to list all spells.
Aiming: Ensorcelled Hibernation (safe; 17% risk of failure)
Press: ? - help, Shift-Dir - straight line, f - kobold
Aim: a kobold, wielding a +2 short sword of venom and quivering stones (chance to affect: 55%)
The kobold looks drowsy...
You feel very sick.
The helpless kobold fails to defend itself.
You impale the kobold!!
You kill the kobold!
You feel sick.
It was a potion of degeneration.
There was something very wrong with that liquid.
You feel weakened.
You feel dopey.
You feel clumsy.
* * * LOW HITPOINT WARNING * * *
You feel sick.
It was a potion of flight.
You feel very buoyant.
You fly up into the air.
* * * LOW HITPOINT WARNING * * *
You feel sick.
It was a potion of lignification.
You turn into a tree.
Your +0 robe melds into your body.
Your roots penetrate the ground.
* * * LOW HITPOINT WARNING * * *
You feel sick.
You die...

##...## #.#.###. ##.##
#....##. #.# #.....#. #.#
#.....#. ##'## #.....#.
##...## #....##.
#.#.....## ##.......
#........## ##.##.####
#.....♣...####.....####
.........)..+............
.##.........####....#####
##.......## ##.#.
##.....## ###. ##...## #.
##+## #. #. #.


There were no monsters in sight!

Vanquished Creatures
  A dart slug (D:1)
  2 endoplasms (D:1)
  A giant cockroach (D:1)
  A goblin (D:1)
  3 hobgoblins (D:1)
  3 kobolds (D:1)
  A quokka (D:1)
  3 bats (D:1)
  4 rats (D:1)
19 creatures vanquished.

Notes
Turn   | Place    | Note
-------+----------+-------------------------------------------
     0 | D:1      | loralnil the Vine Stalker Enchanter began the quest for the
                  | Orb.
     0 | D:1      | Reached XP level 1. HP: 9/9 MP: 4/4
    30 | D:1      | Reached skill level 1 in Short Blades
   312 | D:1      | Reached XP level 2. HP: 9/13 MP: 1/6
   480 | D:1      | Found Molisiz's Distillery.
   572 | D:1      | Learned a level 2 spell: Ensorcelled Hibernation
  1333 | D:1      | Succumbed to a kobold's poison

Illustrated notes

Levels and vault maps discovered:
D:1:      dpeg_arrival_tiny_d, layout_loops_corners, serial_shops,
          nicolae_shop_trees

Skill      XL: |  1 |
---------------+----+-----
Short Blades   | 1 |  1.2
Dodging        | |  1.8
Stealth        | |  3.9
Spellcasting   | |  2.4
Hexes          | |  3.2

Action                   || total
-------------------------++-------
Melee: Dagger            ||    44
       Bite              ||    10
 Cast: Corona            ||     7
       Ensorcelled Hiber ||    12
  Use: Potion            ||     3
 Stab: Sleeping          ||    11
Armor: Robe              ||     4
Dodge: Dodged            ||    38
